 Dungeon Crawl Stone Soup version 0.31-a0-165-g3f4f80340b (webtiles) character file.

Game seed: 8098002935684047447

88024 qw the Severer (level 15, -5/96 HPs)
             Began as a Gargoyle Fighter on June 13, 2023.
             Was an Elder of Okawaru.
             Slain by an orc knight
             ... wielding a +0 bardiche
              (40 damage)
             ... on level 2 of the Orcish Mines.
             The game lasted 00:12:12 (21776 turns).

qw the Severer (Gargoyle Fighter)                  Turns: 21776, Time: 00:12:12

Health: -5/96      AC: 44    Str: 27    XL:     15   Next: 92%
Magic:  20/22      EV: 15    Int:  9    God:    Okawaru [****..]
Gold:   1620       SH: 18    Dex:  9    Spells: 14/14 levels left

rFire   . . .        j - +0 broad axe
rCold   . . .        w - +0 kite shield
rNeg    + . .        u - +2 plate armour {rPois}
rPois   inf          v - +1 helmet
rElec   +            o - +1 cloak
rCorr   .            y - +2 pair of gloves
SInv    +            s - +0 pair of boots
Will    +....        n - amulet of reflection Stlth
                     g - +5 ring of evasion
HPRegen 0.36/turn    m - ring of see invisible
MPRegen 0.18/turn

%: reflection
@: heroic, flying
A: sickness immunity, AC +11, big wings, negative energy resistance 1,
electricity resistance, torment resistance 1, petrification resistance, talons
1, iridescent scales 1, camouflage 1
a: Renounce Religion, Heroism, Finesse


You were on level 2 of the Orcish Mines.
You worshipped Okawaru.
Okawaru was greatly pleased with you.
You visited 4 branches of the dungeon, and saw 23 of its levels.

You collected 2314 gold pieces.
You spent 694 gold pieces at shops.


Innate Abilities, Weirdness & Mutations

You are immune to sickness and miasma.
Your stone body is resilient. (AC +11)
You are immune to poison.
Your large and strong wings let you fly.
You resist negative energy. (rN+)
You are resistant to electric shocks. (rElec)
You are resistant to unholy torment.
You are immune to petrification.
You have sharp toenails.
You are partially covered in iridescent scales. (AC +2)
Your skin changes colour to match your surroundings (Stealth+).


   Skills:
 - Level 12.0(17.0) Fighting
 + Level 16.4(21.4) Axes
 - Level 5.0(10.0) Throwing
 - Level 12.0(17.0) Armour
 - Level 3.0(8.0) Dodging
 - Level 13.0(18.0) Shields
 - Level 10.0 Invocations


You had 14 spell levels left.
You didn't know any spells.
Your spell library was empty.

Inventory:

Hand Weapons
 j - a +0 broad axe (weapon)
 r - a +0 morningstar
Missiles
 e - 13 javelins (quivered)
 B - 10 boomerangs
Armour
 o - a +1 cloak (worn)
 s - a +0 pair of boots (worn)
 u - a +2 plate armour of poison resistance (worn)
 v - a +1 helmet (worn)
 w - a +0 kite shield (worn)
 y - a +2 pair of gloves (worn)
Jewellery
 f - a ring of protection from fire
 g - a +5 ring of evasion (left hand)
 i - a ring of fire
 k - a ring of ice
 m - a ring of see invisible (right hand)
 n - an amulet of reflection (around neck)
 t - a +4 ring of protection
Wands
 z - a wand of digging (14)
Scrolls
 h - 10 scrolls of identify
 p - 3 scrolls of teleportation
Potions
 a - 15 potions of curing
 b - 4 potions of mutation
 c - 2 potions of magic
 d - 3 potions of might
 l - 2 potions of heal wounds
 q - 6 potions of attraction
 x - 2 potions of resistance
 A - a potion of cancellation
 C - a potion of haste
 E - a potion of lignification

Dungeon Overview and Level Annotations

Branches:
Dungeon (15/15)            Temple (1/1) D:5            Lair (5/5) D:10
 Shoals (0/4) Lair:2       Spider (0/4) Lair:2        Slime (0/5) Lair:5
    Orc (2/2) D:11            Elf (0/3) Orc:2        Vaults (0/5) D:14
 Depths (0/4) D:15

Altars:
Ashenzari
Cheibriados
Dithmenos
Elyvilon
Fedhas
Gozag
Hepliaklqana
Kikubaaqudgha
Makhleb
Nemelex Xobeh
Okawaru
Qazlal
Ru
Sif Muna
Trog
Uskayaw
Vehumet
Wu Jian
Xom
Yredelemnul
Zin
The Shining One
Jiyva

Shops:
D:3 =   D:4 :   D:5 =   D:7 *   D:9 *   Orc:2 ((

Portals:
Abyss: D:6

Annotations:
D:4 2 transporters, qw's ghost, amateur GrHu
D:6 2 transporters, qw's ghost, novice NaHu
D:8 6 transporters
D:10 2 transporters, qw's ghost, journeyman GrHu
D:12 exclusion: cyclops
Orc:1 3 runed translucent doors, jujuben's ghost, journeyman HOGl


Message History

You closely miss the orc warrior.
The orc warrior is severely wounded.
You barely miss the orc knight. You barely miss the orc high priest.
You hit the orc knight.
The orc high priest complains repeatedly.
The orc high priest invokes the aid of Beogh against you.
Beogh smites you! You block the orc warrior's attack.
The orc knight barely misses you.
The orc high priest hits you with a +1 short sword of freezing.
The orc high priest freezes you.
The orc knight hits you but does no damage.
You slash the orc warrior!
You kill the orc warrior!
Okawaru accepts your kill.
You closely miss the orc high priest.
You hit the orc knight but do no damage. x2
You closely miss the orc knight.
The orc knight is moderately wounded.
You hit the orc high priest but do no damage.
You hit the orc knight.
You feel like a meek peon again. The smoke demon gestures at you.
Beogh smites you!
An orc wizard comes into view. It is wielding a +2 dagger of speed.
The orc high priest barely misses you. You block the orc knight's attack.
21775 ||| INVOKING Heroism.
You gain the combat prowess of a mighty hero.
The orc high priest utters an invocation to Beogh. x2
The orc high priest prays to Beogh.
You block the orc knight's attack.
You hear a shout! x2
You slice the orc knight!!
The orc knight is severely wounded.
You closely miss the orc high priest.
You hit the orc knight but do no damage.
You barely miss the orc warrior.
The orc high priest utters an invocation to Beogh.
You block the orc knight's attack. You block the orc high priest's attack.
The orc knight hits you with a +0 bardiche!!!
You die...

#..## ####..## ###
### #### #### # # #
###### #####)...##
### #.3o@o##..##
##.## #.4ooo..##..#
#...#
#\o#o##4..##.####..##
#. #o ##..##..###...#
# . ...##.##....###
#o ...##.##.....#. o
...##.##....... #.
..#####.##.......
.................


You could see 2 orc knights, 3 orc high priests, a rust devil (summoned), a
smoke demon (summoned), 2 orc sorcerers, a red devil (summoned), an orc warrior
(strong), an orc priest (strong) and an orc wizard (strong).

Vanquished Creatures
  A very ugly thing (D:15)
  A great orb of eyes (D:15)
  2 hydras
  A rakshasa (D:15)
  Harold (D:10)
  6 centaur warriors
  3 boulder beetles
  10 death yaks
  6 two-headed ogres
  2 tengu warriors
  An orc high priest (Orc:2)
  Nergalle (Orc:1)
  Urug (Orc:2)
  Amaemon (D:10)
  3 skysharks
  A pharaoh ant (Lair:2)
  2 wizards (D:14)
  3 deep elf pyromancers
  An orc knight (Orc:1)
  4 orc sorcerers
  A wolf spider (Lair:5)
  2 oklob plants (Lair:5)
  8 cyclopes
  12 ugly things
  9 elephants
  9 black mambas
  A guardian serpent (Lair:5)
  A water nymph (Lair:2)
  2 torpor snails (Lair:4)
  An orange demon (D:10)
  2 gargoyles
  11 cane toads
  4 unseen horrors
  Maggie (Lair:2)
  A komodo dragon (shapeshifter) (D:12)
  10 komodo dragons
  4 rime drakes
  2 freezing wraiths (D:15)
  8 trolls
  A wind drake (shapeshifter) (D:13)
  10 polar bears
  4 hornets
  5 raiju (Lair:5)
  7 dream sheep (Lair:4)
  8 blink frogs
  A tarantella (Lair:2)
  A tarantella (shapeshifter) (D:15)
  4 slime creatures (D:15)
  2 shadows
  7 wyverns
  35 yaks
  2 vampires
  4 basilisks
  6 redbacks
  2 steam dragons
  10 vampire mosquitoes
  5 wargs
  Edmund (D:6)
  6 acid dragons
  12 hell hounds (Lair:5)
  21 water moccasins
  14 black bears
  21 orc warriors
  2 ice beasts
  6 ogres
  19 centaurs
  A boggart (D:12)
  19 wolves
  A kobold brigand (D:8)
  A phantom (D:7)
  2 gnoll sergeants
  3 scorpions
  12 bullfrogs
  11 wights
  17 killer bees
  3 howler monkeys
  3 hounds
  13 orc priests
  An iguana (D:6)
  14 orc wizards
  A sleepcap (D:7)
  9 gnolls
  6 adders
  A shadow imp (D:7)
  4 white imps
  An ufetubus (D:6)
  3 worms
  A worm (shapeshifter) (D:13)
  2 dart slugs (D:1)
  56 orcs
  8 bats
  6 endoplasms
  A giant cockroach (D:2)
  4 goblins
  2 hobgoblins
  4 quokkas
  6 ball pythons
  3 frilled lizards
  20 kobolds
  7 rats
602 creatures vanquished.

Notes
Turn   | Place    | Note
-------+----------+-------------------------------------------
     0 | D:1      | qw the Gargoyle Fighter began the quest for the Orb.
     0 | D:1      | Reached XP level 1. HP: 14/14 MP: 1/1
     0 | D:1      | 0 ||| qw: Version: 0.2-a-29-gc1b59c4
     0 | D:1      | 0 ||| qw: Game counter: 4801
     0 | D:1      | 0 ||| qw: Always use a shield: true
     0 | D:1      | 0 ||| qw: God list: Okawaru
     0 | D:1      | 0 ||| qw: Allow faded altars: false
     0 | D:1      | 0 ||| qw: Do Orc after D:15 true
     0 | D:1      | 0 ||| qw: Do second Lair branch before Depths: true
     0 | D:1      | 0 ||| qw: Lair rune preference: random
     0 | D:1      | 0 ||| qw: Plans: Normal, Zot:1-4, Slime:5, God:TSO, Crypt,
                  | Tomb, Abyss, Pan, Hells, Win
     0 | D:1      | 0 ||| PLANNING D:1-11
   113 | D:1      | 113 ||| Stepping ~*~*~tactically~*~*~ (hiding).
   120 | D:1      | Reached skill level 2 in Axes
   266 | D:1      | 266 ||| Stepping ~*~*~tactically~*~*~ (hiding).
   279 | D:1      | Reached XP level 2. HP: 19/19 MP: 2/2
   610 | D:1      | Reached skill level 3 in Axes
   786 | D:1      | 786 ||| UPGRADING to +0 chain mail.
   796 | D:1      | 796 ||| DROPPING +0 scale mail.
   797 | D:1      | 797 ||| READING 2 scrolls labelled MAC TEATUHANA.
   798 | D:1      | 798 ||| DROPPING scroll of noise.
   843 | D:2      | Reached XP level 3. HP: 23/23 MP: 3/3
   859 | D:2      | 859 ||| Stepping ~*~*~tactically~*~*~ (stealth).
   873 | D:2      | 873 ||| Stepping ~*~*~tactically~*~*~ (stealth).
   878 | D:2      | 878 ||| Stepping ~*~*~tactically~*~*~ (stealth).
   920 | D:2      | 920 ||| Stepping ~*~*~tactically~*~*~ (stealth).
  1132 | D:2      | 1132 ||| DROPPING +0 club.
  1187 | D:2      | Reached XP level 4. HP: 24/28 MP: 4/4
  1196 | D:2      | Reached skill level 4 in Axes
  1204 | D:2      | Found a glowing golden altar of the Shining One.
  1420 | D:2      | 1420 ||| UPGRADING to +5 ring of evasion.
  1421 | D:2      | 1421 ||| READING 2 scrolls labelled ETRENI JIHATH.
  1422 | D:2      | 1422 ||| READING 2 scrolls labelled MOTADGH ZUNO.
  1423 | D:2      | 1423 ||| DRINKING 3 sapphire potions.
  1424 | D:2      | 1424 ||| DROPPING scroll of vulnerability.
  1439 | D:3      | 1439 ||| Stepping ~*~*~tactically~*~*~ (hiding).
  1650 | D:3      | Found Ozi Wief's Jewellery Shop.
  1656 | D:3      | 1656 ||| SHOPLISTING +4 ring of protection (360 gold, have
                  | 157).
  1656 | D:3      | 1656 ||| SHOPLISTING amulet of faith (400 gold, have 157).
  1656 | D:3      | 1656 ||| SHOPLISTING ring of fire (250 gold, have 157).
  1656 | D:3      | 1656 ||| SHOPLISTING ring of protection from fire (250
                  | gold, have 157).
  1656 | D:3      | 1656 ||| SHOPLISTING ring of resist corrosion (200 gold,
                  | have 157).
  1656 | D:3      | 1656 ||| BUYING ring of see invisible (150 gold).
  1656 | D:3      | Bought a ring of see invisible for 150 gold pieces
  1674 | D:3      | Found a broken altar of Ashenzari.
  1893 | D:3      | Noticed a scorpion
  1902 | D:3      | Killed a scorpion
  1903 | D:3      | Reached XP level 5. HP: 32/32 MP: 5/5
  2306 | D:3      | 2306 ||| DROPPING +3 ring mail.
  2307 | D:3      | 2307 ||| UPGRADING to amulet of reflection.
  2312 | D:3      | 2312 ||| DROPPING ring of flight.
  2313 | D:3      | 2313 ||| UPGRADING to ring of see invisible.
  2314 | D:3      | 2314 ||| DRINKING 2 gluggy blue potions.
  2314 | D:3      | Gained mutation: You have sharp toenails. [potion of
                  | mutation]
  2314 | D:3      | Gained mutation: You sometimes lose your temper in combat.
                  | [potion of mutation]
  2314 | D:3      | Gained mutation: You have a pair of small horns on your
                  | head. [potion of mutation]
  2315 | D:3      | 2315 ||| DRINKING potion of mutation.
  2315 | D:3      | Lost mutation: You sometimes lose your temper in combat.
                  | [potion of mutation]
  2315 | D:3      | Lost mutation: You have a pair of small horns on your head.
                  | [potion of mutation]
  2315 | D:3      | Gained mutation: Your skin changes colour to match your
                  | surroundings (Stealth+). [potion of mutation]
  2315 | D:3      | Gained mutation: You are partially covered in iridescent
                  | scales. (AC +2) [potion of mutation]
  2316 | D:3      | 2316 ||| READING 3 scrolls of identify.
  2316 | D:3      | 2316 ||| IDENTIFYING dark potion
  2317 | D:3      | 2317 ||| READING 2 scrolls of identify.
  2317 | D:3      | 2317 ||| IDENTIFYING sedimented brown potion
  2318 | D:3      | 2318 ||| DROPPING potion of enlightenment.
  2319 | D:3      | 2319 ||| DROPPING potion of brilliance.
  2333 | D:4      | Noticed a black bear
  2344 | D:4      | HP: 4/32 [black bear (5)]
  2345 | D:4      | Killed a black bear
  2346 | D:4      | Reached skill level 5 in Axes
  2346 | D:4      | Reached XP level 6. HP: 5/37 MP: 6/6
  2471 | D:4      | Found a transporter.
  2476 | D:4      | Noticed qw's ghost (amateur GrHu)
  2529 | D:4      | Found a transporter.
  2565 | D:4      | Found Kaet's Book Boutique.
  2606 | D:4      | Found a bloodstained altar of Trog.
  2790 | D:4      | Found a basalt altar of Yredelemnul.
  2947 | D:4      | Found a stormy altar of Qazlal.
  2947 | D:4      | Found a radiant altar of Vehumet.
  3002 | D:4      | 3002 ||| READING scroll labelled MEUNERCH OKOS.
  3003 | D:4      | 3003 ||| READING scroll labelled GEFIOSK FEIM.
  3008 | D:4      | 3008 ||| READING scroll labelled SUZORYUKIORR.
  3009 | D:4      | 3009 ||| READING 2 scrolls of identify.
  3009 | D:4      | 3009 ||| IDENTIFYING brown potion
  3034 | D:5      | Entered Level 5 of the Dungeon
  3034 | D:5      | Found a staircase to the Ecumenical Temple.
  3035 | D:5      | 3035 ||| PLANNING TEMPLE
  3035 | D:5      | 3035 ||| STAIRDANCE
  3039 | D:5      | 3039 ||| STAIRDANCE
  3044 | D:4      | Reached XP level 7. HP: 43/43 MP: 7/7
  3055 | D:5      | Reached skill level 6 in Axes
  3071 | D:5      | Reached skill level 1 in Dodging
  3101 | Temple   | Entered the Ecumenical Temple
  3115 | Temple   | 3115 ||| PLANNING OKAWARU WORSHIP
  3150 | Temple   | Became a worshipper of Warmaster Okawaru
  3150 | Temple   | 3150 ||| PLANNING D:1-11
  3277 | D:5      | Identified the +0 pair of boots of Hide-and-Seek {rN+ Str-5
                  | Stlth+}
  3292 | D:5      | Found Xulaz's Jewellery Emporium.
  3301 | D:5      | 3301 ||| SHOPLISTING ring of fire (275 gold, have 184).
  3301 | D:5      | 3301 ||| SHOPLISTING ring of ice (275 gold, have 184).
  3301 | D:5      | 3301 ||| SHOPLISTING ring of positive energy (220 gold,
                  | have 184).
  3301 | D:5      | 3301 ||| SHOPLISTING ring of willpower (275 gold, have
                  | 184).
  4052 | D:5      | 4052 ||| DROPPING +0 pair of boots of Hide-and-Seek {rN+
                  | Str-5 Stlth+}.
  4053 | D:5      | 4053 ||| READING scroll labelled TYNUKL NOLEIMO.
  4054 | D:5      | 4054 ||| READING scroll labelled GAEFIS EJEBELL.
  4102 | D:6      | Reached skill level 7 in Axes
  4130 | D:6      | 4130 ||| DROPPING +0 whip.
  4142 | D:6      | Noticed qw's ghost (novice NaHu)
  4154 | D:6      | Reached XP level 8. HP: 33/48 MP: 8/8
  4266 | D:6      | Reached * piety under Okawaru
  4293 | D:6      | Found a transporter.
  4337 | D:6      | Noticed Edmund
  4338 | D:6      | 4338 ||| INVOKING Heroism.
  4345 | D:6      | Killed Edmund
  4396 | D:6      | Reached skill level 1 in Invocations
  4407 | D:6      | Found a sacrificial altar of Ru.
  4610 | D:6      | Found a transporter.
  4671 | D:6      | Found a one-way gate to the infinite horrors of the Abyss.
  4726 | D:6      | 4726 ||| Stepping ~*~*~tactically~*~*~ (hiding).
  4730 | D:6      | 4730 ||| INVOKING Heroism.
  4901 | D:6      | 4901 ||| UPGRADING to +1 hat.
  4906 | D:6      | 4906 ||| UPGRADING to +0 pair of boots.
  4911 | D:6      | 4911 ||| READING 3 scrolls of identify.
  4911 | D:6      | 4911 ||| IDENTIFYING inky potion
  4944 | D:7      | Found Kiruiz's Assorted Antiques.
  4957 | D:7      | 4957 ||| BUYING encrusted agate ring (150 gold).
  4957 | D:7      | Bought an encrusted agate ring for 150 gold pieces
  4957 | D:7      | 4957 ||| BUYING scroll of identify (60 gold).
  4957 | D:7      | Bought a scroll of identify for 60 gold pieces
  4961 | D:7      | Noticed a troll
  4967 | D:7      | Killed a troll
  4968 | D:7      | Reached skill level 8 in Axes
  4979 | D:7      | 4979 ||| Stepping ~*~*~tactically~*~*~ (stealth).
  4980 | D:7      | 4980 ||| Stepping ~*~*~tactically~*~*~ (stealth).
  4988 | D:7      | 4988 ||| Stepping ~*~*~tactically~*~*~ (stealth).
  4991 | D:7      | 4991 ||| Stepping ~*~*~tactically~*~*~ (stealth).
  5042 | D:7      | 5042 ||| INVOKING Heroism.
  5055 | D:7      | Reached skill level 6 in Fighting
  5055 | D:7      | Reached XP level 9. HP: 50/55 MP: 8/10
  5080 | D:7      | Reached skill level 3 in Invocations
  5302 | D:7      | 5302 ||| Stepping ~*~*~tactically~*~*~ (stealth).
  5303 | D:7      | 5303 ||| Stepping ~*~*~tactically~*~*~ (stealth).
  5313 | D:7      | Reached ** piety under Okawaru
  5537 | D:7      | 5537 ||| DROPPING +0 flail.
  5538 | D:7      | 5538 ||| DROPPING +1 flail of pain.
  5580 | D:7      | Reached skill level 9 in Axes
  5842 | D:7      | Found a shadowy altar of Dithmenos.
  6021 | D:7      | 6021 ||| UPGRADING to +0 plate armour.
  6031 | D:7      | 6031 ||| DROPPING +0 chain mail.
  6032 | D:7      | 6032 ||| READING scroll labelled BAELUS DUYLOGU.
  6033 | D:7      | 6033 ||| READING scroll labelled VUXUDGH RIGEANY.
  6134 | D:7      | 6134 ||| READING scroll labelled AGURAHAODIVVI.
  6191 | D:8      | Noticed a two-headed ogre
  6192 | D:8      | 6192 ||| INVOKING Heroism.
  6204 | D:8      | Killed a two-headed ogre
  6205 | D:8      | Reached skill level 6 in Armour
  6305 | D:8      | 6305 ||| Stepping ~*~*~tactically~*~*~ (stealth).
  6307 | D:8      | 6307 ||| Stepping ~*~*~tactically~*~*~ (hiding).
  6309 | D:8      | 6309 ||| Stepping ~*~*~tactically~*~*~ (hiding).
  6313 | D:8      | 6313 ||| INVOKING Heroism.
  6350 | D:8      | Found a transporter.
  6351 | D:8      | Found a transporter.
  6360 | D:8      | 6360 ||| Stepping ~*~*~tactically~*~*~ (hiding).
  6361 | D:8      | 6361 ||| Stepping ~*~*~tactically~*~*~ (hiding).
  6363 | D:8      | 6363 ||| Stepping ~*~*~tactically~*~*~ (hiding).
  6376 | D:8      | 6376 ||| Stepping ~*~*~tactically~*~*~ (hiding).
  6391 | D:8      | 6391 ||| Stepping ~*~*~tactically~*~*~ (hiding).
  6440 | D:8      | 6440 ||| INVOKING Heroism.
  6455 | D:8      | Reached XP level 10. HP: 50/63 MP: 11/13
  6508 | D:8      | 6508 ||| Stepping ~*~*~tactically~*~*~ (hiding).
  6528 | D:8      | 6528 ||| Stepping ~*~*~tactically~*~*~ (stealth).
  6539 | D:8      | 6539 ||| Stepping ~*~*~tactically~*~*~ (stealth).
  6582 | D:8      | Found a transporter.
  6585 | D:8      | Found a transporter.
  6645 | D:8      | Found a white marble altar of Elyvilon.
  6646 | D:8      | Found a glowing silver altar of Zin.
  6652 | D:8      | Found a glowing golden altar of the Shining One.
  6692 | D:8      | Found an ancient bone altar of Kikubaaqudgha.
  6705 | D:8      | Found a transporter.
  6707 | D:8      | Found a transporter.
  6836 | D:8      | 6836 ||| SWAPPING to +3 war axe.
  6837 | D:8      | 6837 ||| DROPPING +0 war axe of venom.
  6906 | D:8      | 6906 ||| UPGRADING to +2 plate armour of poison resistance.
  6916 | D:8      | 6916 ||| DROPPING +0 plate armour.
  6973 | D:9      | 6973 ||| Stepping ~*~*~tactically~*~*~ (stealth).
  6984 | D:9      | Reached *** piety under Okawaru
  6986 | D:9      | Reached skill level 10 in Axes
  6986 | D:9      | 6986 ||| INVOKING Heroism.
  7106 | D:9      | 7106 ||| Stepping ~*~*~tactically~*~*~ (hiding).
  7127 | D:9      | 7127 ||| Stepping ~*~*~tactically~*~*~ (stealth).
  7141 | D:9      | 7141 ||| Stepping ~*~*~tactically~*~*~ (hiding).
  7142 | D:9      | 7142 ||| INVOKING Heroism.
  7166 | D:9      | 7166 ||| INVOKING Heroism.
  7323 | D:9      | Found a sparkling altar of Nemelex Xobeh.
  7324 | D:9      | Noticed a cyclops
  7325 | D:9      | 7325 ||| INVOKING Heroism.
  7333 | D:9      | Killed a cyclops
  7475 | D:9      | Found Qere's General Store.
  7485 | D:9      | 7485 ||| BUYING potion of curing (45 gold).
  7485 | D:9      | Bought a potion of curing for 45 gold pieces
  7485 | D:9      | 7485 ||| BUYING potion of mutation (120 gold).
  7485 | D:9      | Bought a potion of mutation for 120 gold pieces
  7508 | D:9      | 7508 ||| INVOKING Heroism.
  7524 | D:9      | 7524 ||| INVOKING Heroism.
  7797 | D:9      | 7797 ||| UPGRADING to +0 helmet.
  7807 | D:9      | 7807 ||| DROPPING +1 hat.
  7808 | D:9      | 7808 ||| UPGRADING to +0 kite shield.
  7818 | D:9      | 7818 ||| DROPPING +0 buckler.
  7819 | D:9      | 7819 ||| UPGRADING to +0 pair of gloves.
  7824 | D:9      | 7824 ||| UPGRADING to +0 cloak.
  7829 | D:9      | 7829 ||| READING 8 scrolls of identify.
  7829 | D:9      | 7829 ||| IDENTIFYING murky amethyst potion
  7841 | D:10     | Entered Level 10 of the Dungeon
  7841 | D:10     | Noticed Harold
  7841 | D:10     | Noticed Amaemon
  7841 | D:10     | Noticed an orange demon
  7842 | D:10     | 7842 ||| INVOKING Heroism.
  7849 | D:10     | Noticed an unseen horror
  7853 | D:10     | Killed Harold
  7854 | D:10     | Reached skill level 6 in Shields
  7859 | D:10     | Killed Amaemon
  7860 | D:10     | Reached XP level 11. HP: 52/68 MP: 12/14
  7868 | D:10     | 7868 ||| INVOKING Heroism.
  8002 | D:10     | 8002 ||| INVOKING Heroism.
  8008 | D:10     | Reached skill level 9 in Shields
  8008 | D:10     | 8008 ||| Stepping ~*~*~tactically~*~*~ (cloud).
  8012 | D:10     | 8012 ||| Stepping ~*~*~tactically~*~*~ (cloud).
  8020 | D:10     | Found a hide-covered altar of Uskayaw.
  8188 | D:10     | Found a staircase to the Lair.
  8221 | D:10     | Reached **** piety under Okawaru
  8230 | D:10     | Found a transporter.
  8235 | D:10     | Found a transporter.
  8246 | D:10     | Noticed qw's ghost (journeyman GrHu)
  8648 | D:10     | 8648 ||| PLANNING LAIR
  8648 | D:10     | 8648 ||| DROPPING ring of wizardry.
  8649 | D:10     | 8649 ||| DROPPING +6 ring of intelligence.
  8650 | D:10     | 8650 ||| READING scroll labelled LAWNOL PAHA.
  8651 | D:10     | 8651 ||| READING 7 scrolls of identify.
  8651 | D:10     | 8651 ||| IDENTIFYING fuming ruby potion
  8652 | D:10     | 8652 ||| READING 6 scrolls of identify.
  8652 | D:10     | 8652 ||| IDENTIFYING fuming cyan potion
  8653 | D:10     | 8653 ||| READING 5 scrolls of identify.
  8653 | D:10     | 8653 ||| IDENTIFYING emerald potion
  8654 | D:10     | 8654 ||| READING 4 scrolls of identify.
  8654 | D:10     | 8654 ||| IDENTIFYING amethyst potion
  8655 | D:10     | 8655 ||| DROPPING potion of degeneration.
  8682 | Lair:1   | Entered Level 1 of the Lair of Beasts
  8683 | Lair:1   | 8683 ||| INVOKING Heroism.
  8730 | Lair:1   | 8730 ||| INVOKING Heroism.
  8788 | Lair:1   | 8788 ||| INVOKING Heroism.
  8794 | Lair:1   | Reached skill level 11 in Axes
  8817 | Lair:1   | Received a gift from Okawaru
  8823 | Lair:1   | 8823 ||| INVOKING Heroism.
  8855 | Lair:1   | 8855 ||| INVOKING Heroism.
  8863 | Lair:1   | Reached skill level 6 in Invocations
  8863 | Lair:1   | 8863 ||| Stepping ~*~*~tactically~*~*~ (stealth).
  8871 | Lair:1   | 8871 ||| INVOKING Heroism.
  9007 | Lair:1   | 9007 ||| Stepping ~*~*~tactically~*~*~ (stealth).
  9010 | Lair:1   | 9010 ||| Stepping ~*~*~tactically~*~*~ (stealth).
  9012 | Lair:1   | 9012 ||| Stepping ~*~*~tactically~*~*~ (stealth).
  9013 | Lair:1   | 9013 ||| INVOKING Heroism.
  9028 | Lair:1   | Reached XP level 12. HP: 70/75 MP: 14/17
  9037 | Lair:1   | 9037 ||| INVOKING Heroism.
  9168 | Lair:1   | 9168 ||| Stepping ~*~*~tactically~*~*~ (hiding).
  9182 | Lair:1   | 9182 ||| INVOKING Heroism.
  9187 | Lair:1   | Reached skill level 9 in Fighting
  9275 | Lair:1   | Received a gift from Okawaru
  9334 | Lair:1   | 9334 ||| Stepping ~*~*~tactically~*~*~ (stealth).
  9337 | Lair:1   | 9337 ||| Stepping ~*~*~tactically~*~*~ (stealth).
  9350 | Lair:1   | 9350 ||| INVOKING Heroism.
  9362 | Lair:1   | Reached skill level 9 in Armour
 10067 | Lair:2   | Noticed a death yak
 10068 | Lair:2   | 10068 ||| INVOKING Heroism.
 10068 | Lair:2   | Noticed a death yak
 10069 | Lair:2   | Noticed a death yak
 10070 | Lair:2   | Noticed a death yak
 10070 | Lair:2   | Noticed a death yak
 10071 | Lair:2   | 10071 ||| Stepping ~*~*~tactically~*~*~ (stealth).
 10072 | Lair:2   | Noticed a death yak
 10082 | Lair:2   | Killed a death yak
 10088 | Lair:2   | 10088 ||| INVOKING Heroism.
 10093 | Lair:2   | Killed a death yak
 10093 | Lair:2   | Reached ***** piety under Okawaru
 10094 | Lair:2   | Reached skill level 9 in Invocations
 10094 | Lair:2   | 10094 ||| INVOKING Finesse.
 10098 | Lair:2   | Killed a death yak
 10101 | Lair:2   | Killed a death yak
 10108 | Lair:2   | Killed a death yak
 10111 | Lair:2   | Killed a death yak
 10111 | Lair:2   | Received a gift from Okawaru
 10181 | Lair:2   | 10181 ||| INVOKING Heroism.
 10269 | Lair:2   | Reached skill level 12 in Axes
 10317 | Lair:2   | Noticed Maggie
 10333 | Lair:2   | Killed Maggie
 10505 | Lair:2   | Found a hole to the Spider Nest.
 10506 | Lair:2   | 10506 ||| INVOKING Heroism.
 10513 | Lair:2   | Reached XP level 13. HP: 71/80 MP: 18/20
 10637 | Lair:2   | 10637 ||| INVOKING Heroism.
 10692 | Lair:2   | 10692 ||| INVOKING Heroism.
 10697 | Lair:2   | Received a gift from Okawaru
 11094 | Lair:3   | 11094 ||| INVOKING Heroism.
 11371 | Lair:3   | 11371 ||| Stepping ~*~*~tactically~*~*~ (stealth).
 11374 | Lair:3   | 11374 ||| Stepping ~*~*~tactically~*~*~ (stealth).
 11873 | Lair:3   | 11873 ||| DROPPING ring of magical power.
 12080 | Lair:4   | 12080 ||| INVOKING Heroism.
 12130 | Lair:4   | 12130 ||| INVOKING Finesse.
 12142 | Lair:4   | Reached skill level 13 in Axes
 12151 | Lair:4   | 12151 ||| INVOKING Heroism.
 12320 | Lair:4   | 12320 ||| FLEEEEING.
 12321 | Lair:4   | 12321 ||| FLEEEEING.
 12322 | Lair:4   | 12322 ||| FLEEEEING.
 12323 | Lair:4   | 12323 ||| FLEEEEING.
 12324 | Lair:4   | 12324 ||| FLEEEEING.
 12325 | Lair:4   | 12325 ||| INVOKING Heroism.
 12354 | Lair:4   | 12354 ||| Stepping ~*~*~tactically~*~*~ (stealth).
 12590 | Lair:4   | 12590 ||| INVOKING Heroism.
 12610 | Lair:4   | Identified the +4 ring mail of Disappointment {-Tele Regen+
                  | Int+6 Dex+4}
 12655 | Lair:4   | 12655 ||| DROPPING ring of positive energy.
 12694 | Lair:5   | Entered Level 5 of the Lair of Beasts
 12710 | Lair:5   | 12710 ||| Stepping ~*~*~tactically~*~*~ (stealth).
 12776 | Lair:5   | 12776 ||| Stepping ~*~*~tactically~*~*~ (stealth).
 12777 | Lair:5   | 12777 ||| Stepping ~*~*~tactically~*~*~ (stealth).
 12778 | Lair:5   | 12778 ||| INVOKING Heroism.
 12779 | Lair:5   | 12779 ||| INVOKING Finesse.
 12786 | Lair:5   | 12786 ||| SWAPPING to +0 morningstar.
 12793 | Lair:5   | Received a gift from Okawaru
 12794 | Lair:5   | 12794 ||| SWAPPING to +3 war axe.
 12922 | Lair:5   | 12922 ||| Stepping ~*~*~tactically~*~*~ (hiding).
 12929 | Lair:5   | 12929 ||| INVOKING Heroism.
 12936 | Lair:5   | Reached skill level 14 in Axes
 12940 | Lair:5   | Gained mutation: Your large and strong wings let you fly.
                  | [Gargoyle growth]
 12940 | Lair:5   | Reached XP level 14. HP: 31/88 MP: 19/21
 13375 | Lair:5   | 13375 ||| Stepping ~*~*~tactically~*~*~ (stealth).
 13390 | Lair:5   | 13390 ||| Stepping ~*~*~tactically~*~*~ (stealth).
 13403 | Lair:5   | 13403 ||| FLEEEEING.
 13404 | Lair:5   | 13404 ||| FLEEEEING.
 13405 | Lair:5   | 13405 ||| FLEEEEING.
 13408 | Lair:5   | 13408 ||| FLEEEEING.
 13409 | Lair:5   | 13409 ||| STAIRDANCE
 13566 | Lair:5   | 13566 ||| Stepping ~*~*~tactically~*~*~ (stealth).
 13824 | Lair:5   | Found a viscous altar of Jiyva.
 13826 | Lair:5   | 13826 ||| INVOKING Heroism.
 13827 | Lair:5   | 13827 ||| INVOKING Finesse.
 13828 | Lair:5   | Found a staircase to the Slime Pits.
 14003 | Lair:5   | 14003 ||| Stepping ~*~*~tactically~*~*~ (stealth).
 14018 | Lair:5   | 14018 ||| INVOKING Heroism.
 14026 | Lair:5   | 14026 ||| Stepping ~*~*~tactically~*~*~ (stealth).
 14059 | Lair:5   | 14059 ||| Stepping ~*~*~tactically~*~*~ (stealth).
 14060 | Lair:5   | 14060 ||| Stepping ~*~*~tactically~*~*~ (stealth).
 14064 | Lair:5   | 14064 ||| INVOKING Heroism.
 14095 | Lair:5   | 14095 ||| Stepping ~*~*~tactically~*~*~ (hiding).
 14120 | Lair:5   | 14120 ||| Stepping ~*~*~tactically~*~*~ (stealth).
 14132 | Lair:5   | 14132 ||| INVOKING Heroism.
 14143 | Lair:5   | Reached skill level 12 in Shields
 14160 | Lair:5   | Received a gift from Okawaru
 14187 | Lair:5   | 14187 ||| INVOKING Heroism.
 14209 | Lair:5   | 14209 ||| Stepping ~*~*~tactically~*~*~ (stealth).
 14220 | Lair:5   | 14220 ||| Stepping ~*~*~tactically~*~*~ (stealth).
 14276 | Lair:5   | 14276 ||| INVOKING Heroism.
 14277 | Lair:5   | 14277 ||| INVOKING Finesse.
 14316 | Lair:5   | Reached skill level 3 in Throwing
 14323 | Lair:5   | Received a gift from Okawaru
 14663 | Lair:5   | 14663 ||| PLANNING D:1-11
 14663 | Lair:5   | 14663 ||| DROPPING +2 hat.
 14838 | D:11     | Found a staircase to the Orcish Mines.
 14855 | D:11     | 14855 ||| Stepping ~*~*~tactically~*~*~ (stealth).
 14889 | D:11     | 14889 ||| INVOKING Heroism.
 14927 | D:11     | 14927 ||| FLEEEEING.
 14928 | D:11     | 14928 ||| FLEEEEING.
 14944 | D:11     | 14944 ||| FLEEEEING.
 15181 | D:11     | 15181 ||| INVOKING Heroism.
 15184 | D:11     | 15184 ||| INVOKING Finesse.
 15880 | D:11     | 15880 ||| PLANNING D
 15880 | D:11     | 15880 ||| UPGRADING to +1 cloak.
 15890 | D:11     | 15890 ||| DROPPING +0 cloak.
 15891 | D:11     | 15891 ||| READING scroll labelled KOBRETT PULO.
 15892 | D:11     | 15892 ||| READING scroll labelled SOXTURGHY WYWYX.
 15893 | D:11     | 15893 ||| READING scroll labelled JABALONT GUIWE.
 15894 | D:11     | 15894 ||| READING 8 scrolls of identify.
 15894 | D:11     | 15894 ||| IDENTIFYING clear potion
 15951 | D:12     | Reached skill level 15 in Axes
 16103 | D:12     | 16103 ||| FLEEEEING.
 16109 | D:12     | 16109 ||| INVOKING Heroism.
 16258 | D:12     | 16258 ||| INVOKING Heroism.
 16259 | D:12     | 16259 ||| INVOKING Finesse.
 16271 | D:12     | 16271 ||| SWAPPING to +0 morningstar.
 16285 | D:12     | Received a gift from Okawaru
 16286 | D:12     | 16286 ||| SWAPPING to +3 war axe.
 16288 | D:12     | Identified the +7 mace "Askag" {venom, rF+}
 16373 | D:12     | 16373 ||| SWAPPING to +0 broad axe.
 16374 | D:12     | 16374 ||| DROPPING +3 war axe.
 16385 | D:12     | 16385 ||| DROPPING +2 war axe of freezing.
 16613 | D:12     | 16613 ||| READING scroll of enchant armour.
 16613 | D:12     | 16613 ||| ENCHANTING +0 pair of gloves.
 16634 | D:12     | Reached XP level 15. HP: 96/96 MP: 22/22
 16662 | D:12     | 16662 ||| Stepping ~*~*~tactically~*~*~ (hiding).
 16663 | D:12     | 16663 ||| FLEEEEING.
 16665 | D:12     | 16665 ||| FLEEEEING.
 16666 | D:12     | 16666 ||| FLEEEEING.
 16668 | D:12     | 16668 ||| FLEEEEING.
 16669 | D:12     | 16669 ||| FLEEEEING.
 16670 | D:12     | 16670 ||| FLEEEEING.
 16671 | D:12     | 16671 ||| FLEEEEING.
 16672 | D:12     | 16672 ||| FLEEEEING.
 16691 | D:12     | 16691 ||| INVOKING Heroism.
 16704 | D:12     | 16704 ||| DRINKING potion of cancellation.
 16706 | D:12     | Reached skill level 12 in Fighting
 16819 | D:12     | 16819 ||| Stepping ~*~*~tactically~*~*~ (stealth).
 16950 | D:12     | 16950 ||| INVOKING Heroism.
 17340 | D:13     | 17340 ||| INVOKING Heroism.
 17490 | D:13     | 17490 ||| Stepping ~*~*~tactically~*~*~ (stealth).
 17500 | D:13     | Reached skill level 12 in Armour
 17521 | D:13     | 17521 ||| READING scroll of enchant armour.
 17521 | D:13     | 17521 ||| ENCHANTING +1 pair of gloves.
 17576 | D:13     | 17576 ||| Stepping ~*~*~tactically~*~*~ (hiding).
 17577 | D:13     | 17577 ||| Stepping ~*~*~tactically~*~*~ (hiding).
 17735 | D:13     | 17735 ||| Stepping ~*~*~tactically~*~*~ (hiding).
 17990 | D:13     | 17990 ||| Stepping ~*~*~tactically~*~*~ (hiding).
 17991 | D:13     | 17991 ||| Stepping ~*~*~tactically~*~*~ (hiding).
 17992 | D:13     | 17992 ||| Stepping ~*~*~tactically~*~*~ (hiding).
 18026 | D:14     | 18026 ||| Stepping ~*~*~tactically~*~*~ (stealth).
 18035 | D:14     | Received a gift from Okawaru
 18056 | D:14     | 18056 ||| INVOKING Heroism.
 18261 | D:14     | 18261 ||| Stepping ~*~*~tactically~*~*~ (hiding).
 18269 | D:14     | 18269 ||| Stepping ~*~*~tactically~*~*~ (hiding).
 18334 | D:14     | 18334 ||| Stepping ~*~*~tactically~*~*~ (stealth).
 18341 | D:14     | Received a gift from Okawaru
 18346 | D:14     | 18346 ||| DRINKING 17 potions of curing.
 18346 | D:14     | 18346 ||| (to cure confusion)
 18352 | D:14     | 18352 ||| DRINKING 16 potions of curing.
 18352 | D:14     | 18352 ||| (to cure confusion)
 18370 | D:14     | Found a gate to the Vaults.
 18371 | D:14     | 18371 ||| Stepping ~*~*~tactically~*~*~ (hiding).
 18524 | D:14     | 18524 ||| Stepping ~*~*~tactically~*~*~ (hiding).
 18526 | D:14     | 18526 ||| Stepping ~*~*~tactically~*~*~ (hiding).
 18635 | D:14     | 18635 ||| Stepping ~*~*~tactically~*~*~ (hiding).
 18637 | D:14     | 18637 ||| Stepping ~*~*~tactically~*~*~ (hiding).
 18640 | D:14     | 18640 ||| Stepping ~*~*~tactically~*~*~ (hiding).
 18938 | D:15     | Entered Level 15 of the Dungeon
 18967 | D:15     | Reached skill level 16 in Axes
 19242 | D:15     | 19242 ||| READING scroll of enchant armour.
 19242 | D:15     | 19242 ||| ENCHANTING +0 helmet.
 19290 | D:15     | 19290 ||| Stepping ~*~*~tactically~*~*~ (hiding).
 19340 | D:15     | 19340 ||| Stepping ~*~*~tactically~*~*~ (stealth).
 19341 | D:15     | 19341 ||| Stepping ~*~*~tactically~*~*~ (stealth).
 19350 | D:15     | 19350 ||| INVOKING Heroism.
 19443 | D:15     | 19443 ||| INVOKING Heroism.
 19606 | D:15     | Received a gift from Okawaru
 19620 | D:15     | 19620 ||| INVOKING Heroism.
 19622 | D:15     | Reached skill level 3 in Dodging
 19627 | D:15     | 19627 ||| DRINKING 16 potions of curing.
 19627 | D:15     | 19627 ||| (to cure confusion)
 19750 | D:15     | 19750 ||| Stepping ~*~*~tactically~*~*~ (stealth).
 19752 | D:15     | 19752 ||| INVOKING Heroism.
 19754 | D:15     | 19754 ||| READING 5 scrolls of teleportation.
 19821 | D:15     | Identified the +0 robe "Jaseg" {+Inv rF+ SInv}
 19909 | D:15     | 19909 ||| Stepping ~*~*~tactically~*~*~ (stealth).
 19930 | D:15     | 19930 ||| Stepping ~*~*~tactically~*~*~ (stealth).
 19932 | D:15     | 19932 ||| Stepping ~*~*~tactically~*~*~ (stealth).
 19934 | D:15     | 19934 ||| READING 4 scrolls of teleportation.
 19935 | D:15     | 19935 ||| INVOKING Heroism.
 20218 | D:15     | 20218 ||| Stepping ~*~*~tactically~*~*~ (stealth).
 20227 | D:15     | 20227 ||| INVOKING Heroism.
 20231 | D:15     | 20231 ||| READING 4 scrolls of teleportation.
 20344 | D:15     | Found a staircase to the Depths.
 20353 | D:15     | 20353 ||| PLANNING ORC
 20353 | D:15     | 20353 ||| DROPPING +2 hat.
 20420 | Orc:1    | Entered Level 1 of the Orcish Mines
 20458 | Orc:1    | Found a runed translucent gate.
 20458 | Orc:1    | Found a runed translucent gate.
 20458 | Orc:1    | Found a runed translucent gate.
 20483 | Orc:1    | 20483 ||| Stepping ~*~*~tactically~*~*~ (hiding).
 20484 | Orc:1    | 20484 ||| Stepping ~*~*~tactically~*~*~ (hiding).
 20485 | Orc:1    | 20485 ||| Stepping ~*~*~tactically~*~*~ (hiding).
 20486 | Orc:1    | 20486 ||| Stepping ~*~*~tactically~*~*~ (hiding).
 20598 | Orc:1    | 20598 ||| Stepping ~*~*~tactically~*~*~ (stealth).
 20655 | Orc:1    | 20655 ||| INVOKING Heroism.
 20677 | Orc:1    | Noticed Nergalle
 20688 | Orc:1    | Killed Nergalle
 20783 | Orc:1    | 20783 ||| INVOKING Heroism.
 20807 | Orc:1    | 20807 ||| INVOKING Heroism.
 21074 | Orc:1    | Noticed jujuben's ghost (journeyman HOGl)
 21092 | Orc:2    | Entered Level 2 of the Orcish Mines
 21095 | Orc:2    | 21095 ||| INVOKING Heroism.
 21119 | Orc:2    | 21119 ||| Stepping ~*~*~tactically~*~*~ (stealth).
 21120 | Orc:2    | 21120 ||| Stepping ~*~*~tactically~*~*~ (stealth).
 21121 | Orc:2    | 21121 ||| Stepping ~*~*~tactically~*~*~ (stealth).
 21123 | Orc:2    | 21123 ||| Stepping ~*~*~tactically~*~*~ (hiding).
 21341 | Orc:2    | Found a staircase to the Elven Halls.
 21397 | Orc:2    | Found Nicrycoe's Antique Weapon Boutique.
 21406 | Orc:2    | Noticed Urug
 21407 | Orc:2    | 21407 ||| FLEEEEING.
 21411 | Orc:2    | 21411 ||| Stepping ~*~*~tactically~*~*~ (hiding).
 21412 | Orc:2    | 21412 ||| INVOKING Heroism.
 21430 | Orc:2    | Killed Urug
 21459 | Orc:2    | 21459 ||| BUYING glowing flail (169 gold).
 21459 | Orc:2    | Bought a glowing flail for 169 gold pieces
 21459 | Orc:2    | 21459 ||| DROPPING +5 flail of protection.
 21507 | Orc:2    | 21507 ||| INVOKING Heroism.
 21740 | Orc:2    | 21740 ||| Stepping ~*~*~tactically~*~*~ (hiding).
 21744 | Orc:2    | 21744 ||| INVOKING Heroism.
 21745 | Orc:2    | Found Hahas's Antique Weapon Boutique.
 21775 | Orc:2    | 21775 ||| INVOKING Heroism.
 21776 | Orc:2    | Slain by an orc knight

Levels and vault maps discovered:
D:1:      psy_arrival_conway, layout_loops_ring, item_on_display_a
D:2:      layout_loops_ring, basic_altar, serial_park_tiny_1
D:3:      layout_basic, nicolae_ashenzari_skybound, serial_shops,
          nicolae_shop_getting_attention, hangedman_decor_diamond_cutter,
          serial_bayou_ford_a
D:4:      layout_cave_pools, trog_book, amethyst_overflow_temple_binary,
          amcnicky_altar_gilded, serial_shops,
          nicolae_shop_pleasant_corner_grove, gammafunk_ghost_stat_death
D:5:      layout_layer_cave, minmay_temple_entry_stoned_glass, serial_shops,
          shop
D:6:      layout_cave_pools, nicolae_ru_path_of_blood,
          gammafunk_ghost_abyssal_escape, hangedman_decor_riveting,
          nicolae_water_bricks, uniq_edmund
D:7:      layout_basic, old_standard_altar, serial_shops, shop, serial_curves,
          eino_curves_01, eino_curves_04, eino_curves_04,
          kennysheep_generic_room_8
D:8:      layout_loops_cross, dreamdust_divine_triumvirate,
          kennysheep_little_box, serial_nicolae_subway,
          nicolae_sub_station_stone, nicolae_sub_station_crystal,
          nicolae_sub_station_metal
D:9:      layout_rooms, nemelex_diamond_rough_becter, serial_shops, shop,
          minivault_27, statue_in_the_mist_lemuel
D:10:     layout_small_grid, nicolae_uskayaw_murder_on_the_dancefloor,
          lair_entry_dummy, gammafunk_ghost_hive, centaur_isle, uniq_harold,
          uniq_amaemon
D:11:     layout_basic, david_orc_2, minmay_bent
D:12:     minmay_the_grid_octo_2x2 [minmay_the_grid_octo_checkered,
          minmay_the_grid_octo_fan_narrow, minmay_the_grid_octo_checkerflower,
          minmay_the_grid_octo_prize_square_snowflake], layout_cave_pools,
          small_statue_alley_a
D:13:     layout_roguey
D:14:     layout_rooms, david_vaults_1, serial_glass, glass_columns_a,
          glass_columns_c, glass_columns_a, glass_columns_a
D:15:     gammafunk_enter_depths_forms, layout_basic
Temple:   nicolae_temple_ecumenical_triangle
Lair:1:   layout_regular_city
Lair:2:   layout_regular_city, nicolae_shoals_entry_flooding,
          nicolae_spider_entry_lesser_pyramids, minivault_26, uniq_maggie
Lair:3:   layout_regular_city
Lair:4:   layout_hall_layers
Lair:5:   hangedman_lair_caniforms_friends, layout_loops_ring,
          hangedman_lair_tendril_chambers, minmay_slime_entry_oklob_enclosed,
          lemuel_fruit_tree
Orc:1:    layout_diamond_mine, gammafunk_ghost_necromancy, uniq_nergalle
Orc:2:    st_orc_elflike, layout_diamond_mine, serial_shops,
          nicolae_shop_temple_entry_statues_fountains, uniq_urug

Skill      XL: |  1  2  3  4  5  6  7  8  9 10 11 12 13 14 15 |
---------------+----------------------------------------------+-----
Axes           | 2 3 4 5 7 8 9 10 11 12 14 15 16 | 16.4
Throwing       | 2 5 |  5.0
Fighting       | 4 6 7 8 9 10 11 12 | 12.0
Dodging        | 1 2 3 |  3.0
Invocations    | 2 4 6 10 | 10.0
Armour         | 6 8 9 10 11 12 | 12.0
Shields        | 4 7 10 11 12 13 | 13.0

Action                     |  1- 3 |  4- 6 |  7- 9 | 10-12 | 13-15 || total
---------------------------+-------+-------+-------+-------+-------++-------
  Melee: War axe           |    90 |   111 |   192 |   502 |   768 ||  1663
         Kick              |       |     9 |    19 |       |       ||    28
         Morningstar       |       |       |       |       |    21 ||    21
         Broad axe         |       |       |       |       |   614 ||   614
  Throw: Javelin           |       |    22 |    24 |     2 |    77 ||   125
         Boomerang         |       |       |    21 |    79 |   115 ||   215
 Invoke: Heroism           |       |       |     6 |    23 |    37 ||    66
         Finesse           |       |       |       |     1 |     6 ||     7
    Use: Scroll            |     1 |     8 |     6 |     6 |    10 ||    31
         Potion            |       |     3 |       |       |     4 ||     7
 Armour: Scale mail        |    30 |       |       |       |       ||    30
         Chain mail        |    19 |    49 |    53 |       |       ||   121
         Plate armour      |       |       |    20 |   216 |   560 ||   796
  Dodge: Dodged            |    26 |    64 |    93 |   225 |   516 ||   924
  Block: Buckler           |    17 |    37 |    82 |    83 |       ||   219
         Reflection        |       |       |     3 |    14 |    19 ||    36
         Kite shield       |       |       |       |   303 |  1028 ||  1331

Table legend:
 A = Non-vault XP
 B = Vault XP
 C = Vault XP percentage of total XP
 D = Non-vault monster count
 E = Vault monster count
 F = Vault count percentage of total count
                 A         B        C        D         E       F
            +---------+---------+-------+---------+---------+-------
      Total |   81430 |   44319 |  35.2 |     445 |     157 |  26.1
            +---------+---------+-------+---------+---------+-------
        D:1 |      32 |       0 |   0.0 |      16 |       0 |   0.0
        D:2 |      73 |       0 |   0.0 |      24 |       0 |   0.0
        D:3 |     128 |       0 |   0.0 |      13 |       0 |   0.0
        D:4 |     433 |       0 |   0.0 |      22 |       0 |   0.0
        D:5 |     277 |       0 |   0.0 |      10 |       0 |   0.0
        D:6 |     730 |     162 |  18.2 |      14 |       1 |   6.7
        D:7 |    1234 |       0 |   0.0 |      23 |       0 |   0.0
        D:8 |    2106 |       0 |   0.0 |      29 |       0 |   0.0
        D:9 |    2460 |       0 |   0.0 |      33 |       0 |   0.0
       D:10 |    2565 |    2724 |  51.5 |      15 |       9 |  37.5
       D:11 |    2312 |    2301 |  49.9 |      11 |      11 |  50.0
       D:12 |    7425 |    5167 |  41.0 |      29 |      16 |  35.6
       D:13 |    6101 |       0 |   0.0 |      21 |       0 |   0.0
       D:14 |    7543 |    3226 |  30.0 |      15 |       5 |  25.0
       D:15 |    4758 |    4742 |  49.9 |      12 |       7 |  36.8
     Lair:1 |   11890 |       0 |   0.0 |      41 |       0 |   0.0
     Lair:2 |    7562 |    2226 |  22.7 |      16 |       6 |  27.3
     Lair:3 |    3038 |       0 |   0.0 |      12 |       0 |   0.0
     Lair:4 |   11277 |     157 |   1.4 |      34 |       1 |   2.9
     Lair:5 |    3530 |   20998 |  85.6 |       8 |      92 |  92.0
      Orc:1 |    3209 |     785 |  19.7 |      27 |       1 |   3.6
      Orc:2 |    2747 |    1831 |  40.0 |      20 |       8 |  28.6
            +---------+---------+-------+---------+---------+-------
